 Dungeon Crawl Stone Soup version 0.30-a0-341-g682706514a (webtiles) character file.

Game seed: 11689100657456865466

64 Lanoc the Trooper (level 3, -1/43 HPs)
             Began as a Demonspawn Reaver on Nov 3, 2022.
             Was a Believer of Cheibriados.
             Killed from afar by Terence (11 damage)
             ... with a puff of flame
             ... on level 2 of the Dungeon.
             The game lasted 00:01:52 (973 turns).

Lanoc the Trooper (Demonspawn Reaver)                Turns: 973, Time: 00:01:53

Health: -1/43      AC:  3    Str: 18    XL:     3   Next: 91%
Magic:  6/6        EV: 12    Int: 18    God:    Cheibriados [**....]
Gold:   53         SH:  0    Dex: 15    Spells: 5/6 levels left

rFire   . . .      SeeInvis +      - Unarmed
rCold   . . .      Faith    +    (no shield)
rNeg    . . .      Spirit   .    b - +0 leather armour
rPois   .          Reflect  .    (helmet restricted)
rElec   .          Harm     .    (no cloak)
rCorr   .          Rampage  .    (no gloves)
Will    .....                    (no boots)
Stlth   ..........               c - amulet of faith
HPRegen 0.27/turn                e - ring of see invisible
MPRegen 0.10/turn                (no ring)

@: berserking (expiring), very slow
A: antennae 1, demonic touch 1
a: Renounce Religion, Bend Time


You were on level 2 of the Dungeon.
You worshipped Cheibriados.
Cheibriados was pleased with you.
You visited 1 branch of the dungeon, and saw 2 of its levels.

You collected 53 gold pieces.

Inventory:

Armour
 b - a +0 leather armour (worn)
Jewellery
 c - an amulet of faith (around neck)
 e - a ring of see invisible (left hand)
Scrolls
 f - 4 scrolls of identify {unknown}
 i - 3 scrolls of enchant armour {unknown}
 j - a scroll of amnesia {unknown}
Potions
 d - a potion of berserk rage
 g - a potion of curing {unknown}
 h - 2 potions of flight {unknown}


   Skills:
 + Level 3.1 Fighting
 - Level 2.6 Axes
 + Level 2.8 Dodging
 * Level 1.1 Unarmed Combat
 - Level 2.0 Spellcasting
 - Level 3.0 Conjurations


You had 5 spell levels left.
You knew the following spells:

 Your Spells              Type           Power      Damage    Failure   Level
a - Kiss of Death         Conj/Necr      28%        2d7       12%         1

Your spell library contained the following spells:

 Spells                   Type           Power      Damage    Failure   Level
 Momentum Strike          Conj/Tloc      14%        3d8       17%         2
 Hailstorm                Conj/Ice       7%         3d4       34%         3


Dungeon Overview and Level Annotations

Branches:
Dungeon (2/15)

Altars:
Cheibriados

Shops:
D:1 (

Annotations:
D:2 Terence


Innate Abilities, Weirdness & Mutations

You have a pair of small antennae on your head.
Your touch may inflict minor irresistible damage on your foes.


Message History

The adder is lightly wounded.
You feel sick. The adder bites you.
You hit the adder.
You touch the adder.
You kill the adder!
Cheibriados appreciates the change of pace.
You feel sick. The bat hits you but does no damage. The bat hits you.
Your Unarmed Combat skill increases to level 1!
You barely miss the bat. Your touch misses the bat.
You feel sick. The bat misses you. The bat closely misses you.
You barely miss the bat. The bat closely misses you.
You feel sick. The bat misses you. The bat barely misses you.
The bat hits you but does no damage.
You hit the bat.
The bat is moderately wounded.
You feel sick.
You are no longer poisoned.
The bat barely misses you.
Terence the Incautious comes into view.
He is wielding a +0 trident and carrying a wand of flame (23).
Found a bubbling dark potion.
The bat hits you. The bat hits you but does no damage.
The bat closely misses you.
Terence shouts!
The bat barely misses you.
Terence zaps a wand.
The puff of flame misses you.
You completely miss the bat.
The bat is moderately wounded.
The bat completely misses you.
Terence zaps a wand.
The puff of flame hits you!
* * * LOW HITPOINT WARNING * * *
You are too injured to fight recklessly!
You aren't carrying any items that you can evoke.
It was a potion of berserk rage.
A red film seems to cover your vision as you go berserk!
Cheibriados protects you from inadvertent hurry.
You feel mighty! The bat misses you.
You punch the bat!
You kill the bat!
Cheibriados thoroughly appreciates the change of pace.
Terence misses you.
You feel a strong urge to attack something.
Terence zaps a wand.
The puff of flame hits you!
You die...

.. ### .# .. ..
.# . #. .#
#.#.####.#
#.#......#####
#!...........#
#..†........# ###
#####......!....#
#..
.......@.†......#
#..
.......@#...#####
#.. ........###.#
#.. ....!...# #.#
#>. ........# #.#
#.. ........# #.#
#.. ........# #.#
##.# ........#
#.#### ##..#
#....## #....


You could see Terence.

Vanquished Creatures
  4 adders (D:2)
  2 endoplasms
  5 goblins (D:1)
  A hobgoblin (D:1)
  2 kobolds (D:1)
  4 quokkas (D:1)
  3 ball pythons (D:1)
  3 bats
  2 frilled lizards (D:1)
  5 rats
31 creatures vanquished.

Notes
Turn   | Place    | Note
-------+----------+-------------------------------------------
     0 | D:1      | Lanoc the Demonspawn Reaver began the quest for the Orb.
     0 | D:1      | Reached XP level 1. HP: 16/16 MP: 3/3
   175 | D:1      | Discovered your monstrous ancestry.
   175 | D:1      | Gained mutation: You have a pair of small antennae on your
                  | head. [demonic ancestry]
   175 | D:1      | Reached XP level 2. HP: 17/23 MP: 5/5
   281 | D:1      | Found Waysmy's Weapon Shoppe.
   363 | D:1      | Found a faded altar of an unknown god.
   367 | D:1      | Prayed at the altar of an unknown god.
   367 | D:1      | Became a worshipper of Cheibriados the Contemplative
   367 | D:1      | Reached * piety under Cheibriados
   801 | D:2      | Gained mutation: Your touch may inflict minor irresistible
                  | damage on your foes. [demonic ancestry]
   801 | D:2      | Reached XP level 3. HP: 24/28 MP: 6/6
   849 | D:2      | Reached ** piety under Cheibriados
   962 | D:2      | Reached skill level 1 in Unarmed Combat
   966 | D:2      | Noticed Terence
   973 | D:2      | Killed from afar by Terence

Illustrated notes

Levels and vault maps discovered:
D:1:      saegor_arrival_simple_a, layout_rooms,
          shapermc_ecumenical_altar_mp_ritualfount, serial_shops, shop_fountains
D:2:      layout_basic, minmay_curled_crystal, minmay_tetromino_l2, uniq_terence

Skill      XL: |  1  2  3 |
---------------+----------+-----
Dodging        | 2 |  2.8
Fighting       | 3 |  3.1
Unarmed Combat | 1 |  1.1
Axes           | |  2.6
Spellcasting   | |  2.0
Conjurations   | |  3.0

Action                   || total
-------------------------++-------
Melee: Hand axe          ||    81
       Punch             ||     1
       Unarmed           ||    28
       Touch             ||     5
  Use: Potion            ||     1
 Stab: Sleeping          ||     1
Armor: Leather armour    ||    28
Dodge: Dodged            ||    72

Table legend: (Time is in decaauts)
 A = Elapsed time spent in this place.
 B = Non-inter-level travel time spent in this place.
 C = Inter-level travel time spent in this place.
 D = Time resting spent in this place.
 E = Time spent auto-exploring this place.
 F = Levels seen in this place.
 G = Mean time per level.
                   A        B        C        D        E       F      G
               +--------+--------+--------+--------+--------+-----+--------+
         Total |   1160 |   1122 |     38 |      0 |    863 |   2 |  580.0 |
       Dungeon |   1160 |   1122 |     38 |      0 |    863 |   2 |  580.0 |
               +--------+--------+--------+--------+--------+-----+--------+

Top non-repeatable levels by time:
     D:1: 888 daAuts
     D:2: 271 daAuts
